 Dungeon Crawl Stone Soup version 0.21.1-1-g345015f (webtiles) character file.

60 Iko the Charlatan (level 3, 0/26 HPs)
             Began as a Mummy Artificer on May 13, 2018.
             Slain by a worker ant (4 damage)
             ... on level 4 of the Dungeon.
             The game lasted 00:07:37 (513 turns).

Iko the Charlatan (Mummy Artificer)                  Turns: 513, Time: 00:07:38

Health: 0/26       AC:  9    Str: 15    XL:     3   Next: 82%
Magic:  5/5        EV: 10    Int: 11    God:    Xom [*.....]
Gold:   54         SH:  0    Dex: 12    Spells: 2/2 levels left

rFire    . . .     SeeInvis .   c - +0 flail
rCold    + . .     Gourm    .   (no shield)
rNeg     + + +     Faith    .   e - +3 scale mail {rF+}
rPois    ∞         Spirit   .   (no helmet)
rElec    .         Reflect  .   (no cloak)
rCorr    .         Harm     .   (no gloves)
MR       .....                  (no boots)
Stlth    ..........             (no amulet)
HPRegen  0.08/turn              (no ring)
MPRegen  0.09/turn              (no ring)

@: no status effects
A: no food or potions, fire vulnerability, cold resistance 1, negative energy
resistance 3, torment resistance, unbreathing
a: Renounce Religion


You were on level 4 of the Dungeon.
You worshipped Xom.
You were a special plaything of Xom.
You were not hungry.

You visited 1 branch of the dungeon, and saw 4 of its levels.

You collected 54 gold pieces.

Inventory:

Hand Weapons
 c - a +0 flail (weapon)
Armour
 e - a +3 scale mail of fire resistance (worn)
Wands
 d - a wand of enslavement (15)


   Skills:
 + Level 1.0 Fighting
   Level 0.7 Short Blades
 + Level 0.2 Maces & Flails
 + Level 0.1 Armour
 + Level 2.0 Dodging
 + Level 1.0 Stealth
 + Level 3.5 Evocations


You had 2 spell levels left.
You didn't know any spells.

Dungeon Overview and Level Annotations

Branches:
Dungeon (4/15)
 Temple: D:4-7

Altars:
Uskayaw
Xom


Innate Abilities, Weirdness & Mutations

You do not eat or drink.
Your flesh is vulnerable to fire.
You are immune to poison.
Your flesh is cold resistant. (rC+)
You are immune to negative energy. (rN+++)
You are immune to unholy pain and torment.
You can survive without breathing.


Message History

You swing at nothing.
The worker ant bites you.
* * * LOW HITPOINT WARNING * * *
You swing at nothing.
The worker ant barely misses you. x2
You swing at nothing.
The worker ant bites you but does no damage.
The worker ant bites you.
* * * LOW HITPOINT WARNING * * *
You swing at nothing.
The worker ant closely misses you.
You swing at nothing.
The worker ant barely misses you.
The worker ant bites you but does no damage.
You swing at nothing.
The worker ant misses you. The worker ant closely misses you.
You swing at nothing.
The worker ant bites you but does no damage.
You swing at nothing.
The worker ant bites you but does no damage.
The worker ant barely misses you.
You swing at nothing.
The worker ant bites you.
You die...
Xom laughs nastily!

#.############
#.....@.......
.######a#####.##
.......))[......
.######.#..##.##
#.#..# #.#..#
#.#..#
#########.#[.#
#.........#..#


You could see a worker ant.

Vanquished Creatures
  A worker ant (D:4)
  An adder (D:2)
  An ooze (D:1)
  2 worms (D:2)
  A leopard gecko (D:1)
  3 orcs (D:4)
  2 goblins (D:2)
  2 bats
  3 frilled lizards (D:2)
  A rat (D:2)
17 creatures vanquished.

Notes
Turn   | Place    | Note
-------+----------+-------------------------------------------
     0 | D:1      | Iko the Mummy Artificer began the quest for the Orb.
     0 | D:1      | Reached XP level 1. HP: 15/15 MP: 2/2
    31 | D:1      | Found a shimmering altar of Xom.
    49 | D:1      | Became a worshipper of Xom of Chaos
   121 | D:2      | Reached XP level 2. HP: 21/21 MP: 4/4
   127 | D:2      | Reached skill level 3 in Evocations
   302 | D:2      | Reached XP level 3. HP: 26/26 MP: 5/5
   321 | D:3      | Found a hide-covered altar of Uskayaw.
   321 | D:3      | Noticed a hand axe
   321 | D:3      | Noticed a dagger
   391 | D:4      | XOM: harmless Chrm miscast
   404 | D:4      | XOM: potion effect (agility)
   410 | D:4      | Reached skill level 1 in Stealth
   503 | D:4      | XOM: harmless Necr miscast
   513 | D:4      | Slain by a worker ant

Skill      XL: |  1  2  3 |
---------------+----------+-----
Evocations     | 3 |  3.5
Dodging        | 2 |  2.0
Stealth        | 1 |  1.0
Fighting       | |  1.0
Short Blades   | |  0.7
Maces & Flails | |  0.2
Armour         | |  0.1

Action                   || total
-------------------------++-------
Melee: Hand axe          ||     4
       Mace              ||    20
Evoke: Wand              ||    30
  Use: Scroll            ||     2
 Stab: Confused          ||     1
       Paralysed         ||     3
Armor: Ring mail         ||     7
       Scale mail        ||     4
Dodge: Dodged            ||    22
